 Dungeon Crawl Stone Soup version 0.28.0-53-g5a82cb258f (webtiles) character file.

Game seed: 848314715929312532

3152 Descartes the Thaumaturge (level 9, -18/47 HPs)
             Began as a Deep Elf Wanderer on July 17, 2022.
             Was an Initiate of Gozag.
             Demolished by a boulder beetle (58 damage)
             ... on level 8 of the Dungeon.
             The game lasted 00:16:09 (9834 turns).

Descartes the Thaumaturge (Deep Elf Wanderer)       Turns: 9834, Time: 00:16:09

Health: -18/47     AC:  9    Str:  9    XL:     9   Next: 62%
Magic:  11/25      EV: 10    Int: 19    God:    Gozag
Gold:   411        SH:  7    Dex: 15    Spells: 17/29 levels left

rFire   + . .      SeeInvis +   s - +2 dagger (pain)
rCold   + . .      Faith    .   u - +2 buckler
rNeg    . . .      Spirit   .   E - +2 robe {rC+ rF+}
rPois   .          Reflect  .   b - +1 hat
rElec   .          Harm     .   (no cloak)
rCorr   .          Rampage  .   w - +0 pair of gloves
Will    +....                   H - +0 pair of boots
Stlth   ++........              (no amulet)
HPRegen 0.15/turn               v - ring of see invisible
MPRegen 0.19/turn               C - ring of willpower

@: no status effects
A: iridescent scales 1, weak 1
a: Renounce Religion, Potion Petition, Call Merchant, Bribe Branch


You were on level 8 of the Dungeon.
You worshipped Gozag.
Gozag was aware of your devotion.
You visited 2 branches of the dungeon, and saw 9 of its levels.

You collected 721 gold pieces.
You spent 230 gold pieces at shops.
You paid 80 gold pieces to Gozag.

Inventory:

Hand Weapons
 s - a +2 dagger of pain (weapon)
 B - a +1 trident of venom
 D - a +2 vorpal shortbow
 L - a +5 spear of freezing
Missiles
 h - 24 sling bullets
 p - 92 arrows
 q - 162 stones
 y - 3 poisoned darts
 J - 3 curare-tipped darts
Armour
 b - a +1 hat (worn)
 u - a +2 buckler (worn)
 w - a +0 pair of gloves (worn)
 E - a +2 robe of resistance (worn)
 H - a +0 pair of boots (worn)
Magical Staves
 A - a staff of death
Jewellery
 a - a ring of fire
 v - a ring of see invisible (left hand)
 x - a ring of fire
 C - a ring of willpower (right hand)
Wands
 r - a wand of mindburst (20)
 z - a wand of flame (61)
 M - a wand of digging (4)
Scrolls
 d - 6 scrolls of identify {unknown}
 f - a scroll of fog {unknown}
 i - 2 scrolls of enchant weapon {unknown}
 l - a scroll of teleportation {unknown}
 m - a scroll of vulnerability {unknown}
 o - a scroll of brand weapon {unknown}
 I - a scroll of summoning {unknown}
 K - a scroll of silence {unknown}
 N - a scroll of immolation {unknown}
Potions
 c - 3 potions of attraction
 e - 5 potions of curing
 g - a potion of berserk rage {unknown}
 j - a potion of resistance {unknown}
 k - 5 potions of heal wounds
 n - a potion of mutation
 t - a potion of haste {unknown}
 F - a potion of ambrosia {unknown}
 G - 2 potions of might


   Skills:
 - Level 1.0 Fighting
 - Level 1.0 Armour
 - Level 1.2 Stealth
 + Level 5.4 Shields
 + Level 10.7 Spellcasting
 + Level 2.2 Conjurations
 + Level 10.2 Fire Magic
 + Level 1.8 Air Magic
 + Level 2.1 Poison Magic


You had 17 spell levels left.
You knew the following spells:

 Your Spells              Type           Power      Damage    Failure   Level
a - Foxfire               Conj/Fire      100%       2x1d9     1%          1
b - Sticky Flame          Conj/Fire      33%        2d5       7%          4
c - Ignite Poison         Fire/Tmut/Pois 25%        N/A       4%          3
d - Airstrike             Air            8%         N/A       38%         4

Your spell library contained the following spells:

 Spells                   Type           Power      Damage    Failure   Level
 Conjure Flame            Conj/Fire      33%        6-21      1%          3
 Flame Wave               Conj/Fire      33%        2d8       7%          4
 Gell's Gravitas          Tloc           10%        N/A       26%         3
 Ozocubu's Armour         Ice            10%        N/A       26%         3
 Teleport Other           Tloc           10%        N/A       26%         3
 Summon Lightning Spire   Summ/Air       13%        N/A       52%         4
 Lightning Bolt           Conj/Air       8%         1d21      71%         5
 Dispersal                Tloc           5%         N/A       100%        6
 Ozocubu's Refrigeration  Ice            5%         4d6       100%        7


Dungeon Overview and Level Annotations

Branches:
Dungeon (8/15)             Temple (1/1) D:5
   Lair: D:8-11

Altars:
Ashenzari
Cheibriados
Dithmenos
Elyvilon
Fedhas
Gozag
Hepliaklqana
Makhleb
Nemelex Xobeh
Okawaru
Qazlal
Ru
Uskayaw
Vehumet
Wu Jian
Xom
Yredelemnul
Zin
The Shining One

Shops:
D:3 [   D:4 !


Innate Abilities, Weirdness & Mutations

You are partially covered in iridescent scales. (AC +2)
You are weak. (Str -2)


Message History

You conjure some foxfire!
The boulder beetle burns!
The foxfire hits the boulder beetle.
The boulder beetle is heavily wounded.
The foxfire hits the boulder beetle but does no damage.
The boulder beetle is heavily wounded.
Casting: Foxfire (safe; 1% risk of failure)
Confirm with . or Enter, or press ? or * to list all spells.
You conjure some foxfire!
The boulder beetle burns!
Casting: Foxfire (safe; 1% risk of failure)
Confirm with . or Enter, or press ? or * to list all spells.
You conjure some foxfire!
The boulder beetle burns!
The foxfire hits the boulder beetle but does no damage.
The boulder beetle is heavily wounded.
The foxfire hits the boulder beetle but does no damage.
The boulder beetle is heavily wounded.
The foxfire hits the boulder beetle but does no damage.
The boulder beetle is heavily wounded.
Casting: Foxfire (safe; 1% risk of failure)
Confirm with . or Enter, or press ? or * to list all spells.
You conjure some foxfire!
The boulder beetle burns!
The foxfire hits the boulder beetle but does no damage.
The boulder beetle is heavily wounded.
The foxfire hits the boulder beetle but does no damage.
The boulder beetle is heavily wounded.
The boulder beetle curls into a ball and begins rolling!
Casting: Foxfire (safe; 1% risk of failure)
Confirm with . or Enter, or press ? or * to list all spells.
You conjure some foxfire!
The boulder beetle burns!
The foxfire hits the boulder beetle but does no damage.
The boulder beetle is heavily wounded.
Unknown command.
The boulder beetle burns!
The boulder beetle stops burning.
The foxfire hits the boulder beetle.
The boulder beetle is severely wounded.
The foxfire hits the boulder beetle but does no damage.
The boulder beetle is severely wounded.
The boulder beetle hits you!!!
Ouch! That really hurt!
You die...
Your body crumbles into a pile of gold.

# #..
#....####
....°°B@#
.......§#
........#
........#
....#+##.
.... .
... . $
.. ..


You could see a boulder beetle (rolling).

Vanquished Creatures
  Sigmund (D:2)
  2 yaks
  2 wyverns
  2 water moccasins
  Duvessa (D:6)
  A sky beast (D:7)
  An ice beast (D:5)
  A hornet zombie (D:6)
  3 black bears
  A necrophage (D:4)
  2 ogres
  2 centaurs
  A phantom (D:5)
  2 bullfrogs (D:7)
  2 scorpions
  A water moccasin zombie (D:5)
  Dowan (D:6)
  4 wights (D:7)
  A howler monkey (D:6)
  2 orc priests
  2 jellies
  A centaur skeleton (D:5)
  2 iguanas
  3 orc wizards
  5 gnolls
  5 adders
  A howler monkey skeleton (D:7)
  A shadow imp (D:7)
  3 white imps
  2 ufetubi
  An adder skeleton (D:4)
  4 worms
  5 dart slugs
  7 orcs
  3 ball pythons
  7 bats
  6 endoplasms
  4 giant cockroaches
  7 goblins
  13 hobgoblins
  5 jackals
  5 quokkas
  2 frilled lizards
  6 kobolds
  10 rats
143 creatures vanquished.

Vanquished Creatures (collateral kills)
  2 foxfires (D:3)
2 creatures vanquished.

Vanquished Creatures (others)
  1003 foxfires
  4 toadstools (D:1)
1007 creatures vanquished.

Grand Total: 1152 creatures vanquished

Notes
Turn   | Place    | Note
-------+----------+-------------------------------------------
     0 | D:1      | Descartes the Deep Elf Wanderer began the quest for the
                  | Orb.
     0 | D:1      | Descartes set off with the following items: a +0 dagger, a
                  | +0 ring mail, a potion of attraction; and the following
                  | spell memorised: Foxfire; and the following spells
                  | available to memorise: Conjure Flame, Flame Wave
     0 | D:1      | Reached XP level 1. HP: 12/12 MP: 6/6
   172 | D:1      | Reached XP level 2. HP: 16/16 MP: 2/8
   735 | D:1      | Reached XP level 3. HP: 19/20 MP: 2/10
  2234 | D:2      | Reached XP level 4. HP: 25/25 MP: 2/12
  2546 | D:2      | Found a faded altar of an unknown god.
  2573 | D:2      | Noticed Sigmund
  2585 | D:2      | Killed Sigmund
  2586 | D:2      | Reached XP level 5. HP: 22/29 MP: 5/15
  3120 | D:3      | Reached XP level 6. HP: 34/34 MP: 14/17
  3273 | D:3      | Found Agaczeqo's Armour Shop.
  3898 | D:4      | Noticed a water moccasin
  3906 | D:4      | Killed a water moccasin
  3907 | D:4      | Reached skill level 1 in Shields
  4127 | D:4      | Found a hide-covered altar of Uskayaw.
  4205 | D:4      | Reached XP level 7. HP: 26/38 MP: 3/19
  4815 | D:4      | Found Padwurej's Distillery.
  4844 | D:4      | Found a basalt altar of Yredelemnul.
  5147 | D:5      | Entered Level 5 of the Dungeon
  5396 | D:5      | Found a staircase to the Ecumenical Temple.
  5412 | Temple   | Entered the Ecumenical Temple
  5653 | D:5      | Found a glowing golden altar of the Shining One.
  5660 | D:5      | Found a shimmering altar of Xom.
  5661 | D:5      | Found a broken altar of Ashenzari.
  5669 | D:5      | Found an opulent altar of Gozag.
  5732 | D:5      | Became a worshipper of Gozag Ym Sagoz the Greedy
  5821 | D:5      | Reached XP level 8. HP: 43/43 MP: 17/22
  7355 | D:6      | Noticed Dowan
  7360 | D:6      | Noticed Duvessa
  7432 | D:6      | Killed Duvessa
  7433 | D:6      | Reached XP level 9. HP: 31/47 MP: 10/24
  7552 | D:6      | Killed Dowan
  7722 | D:6      | Reached skill level 10 in Spellcasting
  8043 | D:6      | Reached skill level 10 in Fire Magic
  8182 | D:6      | Reached skill level 5 in Shields
  8366 | D:6      | Learned a level 4 spell: Sticky Flame
  8370 | D:6      | Learned a level 3 spell: Ignite Poison
  8375 | D:6      | Learned a level 4 spell: Airstrike
  8657 | D:7      | Found a burning altar of Makhleb.
  8697 | D:7      | Reached skill level 1 in Conjurations
  8733 | D:7      | Reached skill level 1 in Air Magic
  8733 | D:7      | Reached skill level 1 in Poison Magic
  9435 | D:7      | Noticed a cacodemon
  9439 | D:7      | Noticed an orange demon
  9665 | D:4      | Bought a potion of heal wounds for 50 gold pieces
  9665 | D:4      | Bought a potion of might for 40 gold pieces
  9665 | D:4      | Bought a potion of mutation for 80 gold pieces
  9665 | D:4      | Bought 2 potions of curing for 60 gold pieces
  9665 | D:4      | Gained mutation: You are weak. (Str -2) [potion of
                  | mutation]
  9665 | D:4      | Gained mutation: You are partially covered in iridescent
                  | scales. (AC +2) [potion of mutation]
  9821 | D:8      | Noticed a boulder beetle
  9834 | D:8      | Demolished by a boulder beetle

Illustrated notes

Levels and vault maps discovered:
D:1:      ldierk_water_garden, layout_basic
D:2:      layout_rooms, shapermc_ecumenical_altar_pompeii, uniq_sigmund
D:3:      layout_basic, serial_shops, nicolae_shop_stone, grunt_ministairs_1,
          serial_bayou_pond_d, kennysheep_nondescript
D:4:      layout_basic, mainiacjoe_overflow_24_doors,
          mainiacjoe_overflow_alcove_2, serial_shops, shop
D:5:      layout_basic, nicolae_overflow_quartered_altars,
          minmay_temple_entry_tees, due_unseen_surprise
D:6:      layout_rooms, uniq_duvessa
D:7:      layout_loops_ring, makhleb_altar_promises_db
D:8:      layout_gridville, kennysheep_little_box, mainiacjoe_overflow_alcove_1,
          lemuel_zombie_altar_kikubaaqudgha, grunt_lair_entry_orc_guard_hut,
          uniq_grum, uniq_pikel
Temple:   hc_temple_tempest_star

Skill      XL: |  1  2  3  4  5  6  7  8  9 |
---------------+----------------------------+-----
Fire Magic     | 6 7 8 9 10 | 10.2
Spellcasting   | 4 6 7 8 9 10 | 10.7
Shields        | 1 3 4 5 |  5.4
Conjurations   | 2 |  2.2
Air Magic      | 1 |  1.8
Poison Magic   | 2 |  2.1
Fighting       | |  1.0
Armour         | |  1.0
Stealth        | |  1.2

Action                   |  1- 3 |  4- 6 |  7- 9 || total
-------------------------+-------+-------+-------++-------
Melee: Rapier            |       |     1 |       ||     1
       Dagger            |       |       |     2 ||     2
 Cast: Foxfire           |   118 |   117 |   358 ||   593
       Sticky Flame      |       |       |     4 ||     4
Evoke: Wand              |       |       |     1 ||     1
  Use: Potion            |       |       |     1 ||     1
Armor: Ring mail         |    18 |    10 |    20 ||    48
       Robe              |       |       |     7 ||     7
Dodge: Dodged            |    12 |     9 |    38 ||    59
Block: Buckler           |       |     1 |    26 ||    27
